 Dungeon Crawl Stone Soup version 0.25.1-2-g60ff931df9 (webtiles) character file.

Game seed: 1077558808157468401

424 Descartes the Ruffian (level 6, 0/55 HPs)
             Began as a Troll Hunter on Nov 13, 2020.
             Slain by an orc warrior
             ... wielding a +0 trident
              (7 damage)
             ... on level 2 of the Dungeon.
             The game lasted 00:03:23 (1522 turns).

Descartes the Ruffian (Troll Hunter)                Turns: 1522, Time: 00:03:24

Health: 0/55       AC:  6    Str: 22    XL:     6   Next: 64%
Magic:  5/5        EV: 10    Int:  8    God:
Gold:   153        SH:  0    Dex: 10    Spells: 5/5 levels left

rFire    + . .     SeeInvis .     - Unarmed
rCold    . . .     Gourm    +   (no shield)
rNeg     + . .     Faith    .   m - +0 robe {rN+}
rPois    .         Spirit   .   (helmet restricted)
rElec    .         Reflect  .   (no cloak)
rCorr    .         Harm     .   (gloves unavailable)
MR       .....                  (boots unavailable)
Stlth    +.........             k - amulet of magic regeneration
HPRegen  0.58/turn              g - ring of protection from fire
MPRegen  0.34/turn              (no ring)

@: no status effects
A: large, unfitting armour, claws 3, fast metabolism 3, gourmand, regeneration
1, shaggy fur 1, tough skin 3
a: no special abilities


You were on level 2 of the Dungeon.
You were completely stuffed.

You visited 1 branch of the dungeon, and saw 3 of its levels.

You collected 153 gold pieces.

Inventory:

Missiles
 c - 5 large rocks (quivered)
 d - 2 throwing nets
 e - 75 stones
 n - 47 arrows
Armour
 m - a +0 robe of positive energy (worn)
Jewellery
 g - a ring of protection from fire (left claw)
 k - an amulet of magic regeneration (around neck)
Wands
 p - a wand of clouds (5)
Scrolls
 b - a scroll of blinking {unknown}
 h - 4 scrolls of teleportation {unknown}
 i - 2 scrolls of amnesia {unknown}
 l - a scroll of identify {unknown}
 o - a scroll of fear {unknown}
 s - a scroll of noise {unknown}
Potions
 a - a potion of might {unknown}
 j - a potion of stabbing {unknown}
 q - a potion of resistance {unknown}
Comestibles
 f - 8 rations
 r - a chunk of flesh


   Skills:
 - Level 1.5 Fighting
 - Level 3.6 Throwing
 - Level 1.5 Dodging
 - Level 0.3 Stealth
 + Level 6.8 Unarmed Combat


You had 5 spell levels left.
You didn't know any spells.
Your spell library was empty.

Dungeon Overview and Level Annotations

Branches:
Dungeon (3/15)

Altars:
Kikubaaqudgha
Okawaru
Trog
Xom


Innate Abilities, Weirdness & Mutations

You are too large for most types of armour.
You have claws for hands.
Your metabolism is lightning-fast.
You like to eat raw meat.
Your natural rate of healing is unusually fast.
You are covered in fur. (AC +1)
You have extremely tough skin. (AC +3)


Message History

You are too injured to fight recklessly!
You are too injured to fight recklessly!
You are too injured to fight recklessly!
You are too injured to fight recklessly!
You are too injured to fight recklessly!
You are too injured to fight recklessly!
You are too injured to fight recklessly!
The orc warrior hits you with a +0 trident.
You climb upwards.
There is a stone staircase leading down here.
You scratch the orc warrior.
The orc warrior is moderately wounded.
The orc warrior hits you with a +0 trident!
* * * LOW HITPOINT WARNING * * *
You claw the orc warrior!
The orc warrior is almost dead.
You scratch the orc warrior but do no damage.
The orc warrior is almost dead.
The orc warrior hits you with a +0 trident!
You die...

##.......###...)....
#........#...###[.#.
#..........### #.)#.
#........### #..##
#.######.# ##.## #.#
####.# ######... ###.#
#....###....##.#
#...###...............
#.##.@....).....).####
#.##o#...##.###...#
#.##.#.####.###..##
#......###...##..#
#.###....#._.....# ###
#............#
#......###...#
##.....###...#
###....##...#


You could see an orc warrior.

Vanquished Creatures
  Sigmund (D:3)
  Purgy (D:2)
  Jessica (D:2)
  Terence (D:3)
  Robin (D:3)
  4 adders
  A dart slug (D:1)
  2 leopard geckos
  2 ball pythons
  6 giant cockroaches
  18 goblins
  4 hobgoblins
  3 jackals (D:2)
  5 kobolds
  A quokka (D:3)
  6 bats
  2 frilled lizards
  7 rats
66 creatures vanquished.

Vanquished Creatures (others)
  A goblin (D:3)
1 creature vanquished.

Grand Total: 67 creatures vanquished

Notes
Turn   | Place    | Note
-------+----------+-------------------------------------------
     0 | D:1      | Descartes the Troll Hunter began the quest for the Orb.
     0 | D:1      | Reached XP level 1. HP: 19/19 MP: 0/0
    18 | D:1      | Reached skill level 1 in Unarmed Combat
    96 | D:1      | Reached XP level 2. HP: 27/27 MP: 1/1
   151 | D:1      | Reached skill level 2 in Unarmed Combat
   493 | D:2      | Found an iron altar of Okawaru.
   499 | D:2      | Reached XP level 3. HP: 32/33 MP: 2/2
   500 | D:2      | Reached skill level 3 in Unarmed Combat
   508 | D:2      | Noticed Jessica
   514 | D:2      | Killed Jessica
   601 | D:2      | Found a bloodstained altar of Trog.
   604 | D:2      | Reached XP level 4. HP: 41/41 MP: 3/3
   688 | D:2      | Found a shimmering altar of Xom.
   940 | D:3      | Found an ancient bone altar of Kikubaaqudgha.
   940 | D:3      | Noticed Terence
   952 | D:3      | Killed Terence
   952 | D:3      | Reached skill level 4 in Unarmed Combat
   990 | D:3      | Noticed Purgy
   992 | D:3      | Noticed Robin
  1197 | D:3      | Killed Robin
  1197 | D:3      | Reached XP level 5. HP: 38/48 MP: 4/4
  1285 | D:3      | Noticed Sigmund
  1292 | D:3      | Killed Sigmund
  1292 | D:3      | Reached skill level 6 in Unarmed Combat
  1292 | D:3      | Reached XP level 6. HP: 51/55 MP: 5/5
  1406 | D:3      | Noticed an orc warrior
  1430 | D:2      | Killed Purgy
  1522 | D:2      | Slain by an orc warrior

Illustrated notes

Levels and vault maps discovered:
D:1:      lightli_arrival_maybe_door_vault, layout_rooms
D:2:      layout_rooms, xom_butterflies, old_standard_altar,
          trog_three_pillars_becter, uniq_jessica
D:3:      layout_rooms, overflow_temple_1_default, uniq_robin, uniq_purgy,
          uniq_terence, uniq_grinder, uniq_sigmund

Skill      XL: |  1  2  3  4  5 |
---------------+----------------+-----
Unarmed Combat | 1 2 3 4 6 |  6.8
Fighting       | |  1.5
Throwing       | |  3.6
Dodging        | |  1.5
Stealth        | |  0.3

Action                   |  1- 3 |  4- 6 || total
-------------------------+-------+-------++-------
Melee: Short sword       |    18 |       ||    18
       Unarmed           |    56 |   122 ||   178
       Punch             |       |     1 ||     1
 Stab: Sleeping          |     2 |     1 ||     3
  Eat: Chunk             |    11 |     9 ||    20
Armor: Robe              |    42 |    63 ||   105
Dodge: Dodged            |    55 |    90 ||   145
